 Dungeon Crawl Stone Soup version 0.30-a0-1008-g30c9307041 (webtiles) character file.

Game seed: 12916967943976698562

407 jimonade the Trooper (level 6, -2/56 HPs)
             Began as a Naga Warper on Apr 5, 2023.
             Was an Initiate of Cheibriados.
             Slain by a gnoll
             ... wielding a +0 spear
              (4 damage)
             ... on level 4 of the Dungeon.
             The game lasted 00:10:44 (4048 turns).

jimonade the Trooper (Naga Warper)                  Turns: 4048, Time: 00:10:45

Health: -2/56      AC:  4    Str: 15    XL:     6   Next: 88%
Magic:  9/9        EV: 10    Int: 14    God:    Cheibriados [......]
Gold:   135        SH:  0    Dex: 13    Spells: 9/9 levels left

rFire   . . .      SeeInvis +    a - +1 whip (venom)
rCold   . . .      Faith    .    (no shield)
rNeg    . . .      Spirit   .    p - +0 leather armour
rPois   +          Reflect  .    q - +1 hat
rElec   .          Rampage  .    (no cloak)
rCorr   .                        (no gloves)
Will    +....                    (no barding)
Stlth   ++                       (no amulet)
HPRegen 0.29/turn                h - ring of willpower
MPRegen 0.11/turn                (no ring)

@: very slow
A: AC +2, large, see invisible, deformed body, poison resistance, slowness 2,
spit poison 1, naga tail 1
a: Spit Poison, Renounce Religion


You were on level 4 of the Dungeon.
You worshipped Cheibriados.
Cheibriados was noncommittal.
You visited 2 branches of the dungeon, and saw 5 of its levels.

You collected 135 gold pieces.

Inventory:

Hand Weapons
 a - a +1 whip of venom (weapon)
 b - a +0 spear
 u - a +2 war axe of freezing
Missiles
 d - 7 boomerangs of dispersal
 r - 2 datura-tipped darts
Armour
 p - a +0 leather armour (worn)
 q - a +1 hat (worn)
Jewellery
 h - a ring of willpower (left hand)
Scrolls
 c - a scroll of blinking
 e - 9 scrolls of identify {unknown}
 g - 2 scrolls of teleportation {unknown}
 k - a scroll of fear {unknown}
 o - a scroll of fog {unknown}
 v - a scroll of magic mapping {unknown}
 x - a scroll of torment {unknown}
Potions
 f - a potion of invisibility {unknown}
 i - a potion of might {unknown}
 j - 2 potions of haste {unknown}
 l - 5 potions of brilliance {unknown}
 m - a potion of lignification {unknown}
 n - a potion of berserk rage {unknown}
 s - a potion of flight {unknown}
 t - 2 potions of curing {unknown}
 w - a potion of magic {unknown}


   Skills:
 + Level 3.4 Fighting
 + Level 2.7 Maces & Flails
 + Level 3.3 Polearms
 + Level 0.8 Throwing
 + Level 2.6 Armour
 + Level 2.5 Dodging
 + Level 2.4 Stealth
 + Level 2.0 Spellcasting
 + Level 3.1 Translocations


You had 9 spell levels left.
You didn't know any spells.
Your spell library contained the following spells:

 Spells                   Type           Power      Damage    Failure   Level
 Blink                    Tloc           20%        N/A       12%         2
 Lesser Beckoning         Tloc           20%        N/A       12%         2
 Teleport Other           Tloc           10%        N/A       24%         3
 Cigotuvi's Dreadful Rot  Necr/Pois/Air  2%         N/A       41%         2
 Sublimation of Blood     Necr           1%         N/A       41%         2
 Wereblood                Tmut           1%         N/A       41%         2
 Vhi's Electric Charge    Tloc/Air       10%        N/A       41%         3
 Manifold Assault         Tloc           10%        N/A       61%         4
 Ignite Poison            Fire/Tmut/Pois 1%         N/A       65%         3
 Freezing Cloud           Conj/Ice/Air   0%         6-21      100%        5
 Summon Hydra             Summ           0%         N/A       100%        7


Dungeon Overview and Level Annotations

Branches:
Dungeon (4/15)             Temple (1/1) D:4

Altars:
Ashenzari
Cheibriados
Dithmenos
Fedhas
Gozag
Hepliaklqana
Okawaru
Ru
Sif Muna
Trog
Uskayaw
Vehumet
Xom
Yredelemnul
Zin
The Shining One

Shops:
D:3 ==


Innate Abilities, Weirdness & Mutations

Your serpentine skin is tough. (AC +2)
You have supernaturally acute eyesight. (SInv)
Armour fits poorly on your strangely shaped body.
Your system is resistant to poisons. (rPois)
You cover ground very slowly.
You can spit poison.
You have a snake-like lower body.


Message History

You hit the gnoll.
The gnoll is poisoned.
The gnoll is severely wounded.
The gnoll hits you with a +0 spear! The gnoll barely misses you.
You hit the gnoll.
You kill the gnoll!
Cheibriados appreciates the change of pace.
The gnoll hits you with a +0 club.
* * * LOW HITPOINT WARNING * * *
The gnoll closely misses you.
You hit the gnoll but do no damage.
The gnoll is poisoned.
You have got your breath back.
The gnoll hits you from afar with a +0 spear.
* * * LOW HITPOINT WARNING * * *
The gnoll hits you but does no damage.
You hit the gnoll.
The gnoll looks even sicker.
The gnoll is moderately wounded.
The gnoll hits you with a +0 club.
* * * LOW HITPOINT WARNING * * *
The gnoll hits you from afar with a +0 spear.
* * * LOW HITPOINT WARNING * * *
You closely miss the gnoll.
The gnoll is moderately wounded.
The gnoll hits you but does no damage. The gnoll closely misses you.
You hit the gnoll.
The gnoll looks as sick as possible!
The gnoll is moderately wounded.
The gnoll barely misses you. The gnoll hits you but does no damage.
You closely miss the gnoll.
The gnoll is heavily wounded.
The gnoll hits you with a +0 club.
* * * LOW HITPOINT WARNING * * *
The gnoll barely misses you.
You barely miss the gnoll.
The gnoll is severely wounded.
You kill the gnoll!
Cheibriados appreciates the change of pace.
The gnoll barely misses you. The gnoll hits you with a +0 spear.
* * * LOW HITPOINT WARNING * * *
The gnoll hits you with a +0 spear.
You die...

........###....##.##.#.......####
........# #....##.##.#.†.....#
........###....##.##.#.......####
..........#....##..#.#######.##<.
..........'....'.............>...
#######...#....#####...#####..###
#...#....# #.#)#####..#
#...###.######.....)....### #...#
#...@g............... #####
####)...###.#####.### #....# #.#
#.# #....# #.. #.# #....# ##..
#.# ###### ### #.# #⌠# ###


You could see a gnoll.

Vanquished Creatures
  An ogre (D:4)
  A scorpion (D:4)
  A hound (D:4)
  An orc priest (D:3)
  An orc wizard (D:4)
  4 gnolls
  6 adders
  A worm (D:2)
  3 dart slugs
  7 orcs
  6 bats
  3 endoplasms
  6 giant cockroaches
  3 goblins
  5 hobgoblins
  5 jackals (D:1)
  2 quokkas
  6 ball pythons
  2 frilled lizards
  6 kobolds
  10 rats
80 creatures vanquished.

Notes
Turn   | Place    | Note
-------+----------+-------------------------------------------
     0 | D:1      | jimonade the Naga Warper began the quest for the Orb.
     0 | D:1      | Reached XP level 1. HP: 19/19 MP: 3/3
   547 | D:1      | Reached XP level 2. HP: 24/27 MP: 5/5
   981 | D:1      | Reached skill level 1 in Armour
   994 | D:1      | Reached skill level 1 in Stealth
   994 | D:1      | Reached XP level 3. HP: 24/33 MP: 6/6
  1797 | D:2      | Reached XP level 4. HP: 15/40 MP: 7/7
  2436 | D:3      | Found Zuporeud's Jewellery Shoppe.
  2451 | D:3      | Found Ikliyqeu's Jewellery Boutique.
  2552 | D:3      | Reached XP level 5. HP: 44/48 MP: 8/8
  2600 | D:3      | Found an iron altar of Okawaru.
  3023 | D:3      | Reached skill level 1 in Maces & Flails
  3250 | D:4      | Noticed an ogre
  3263 | D:4      | Killed an ogre
  3264 | D:4      | Reached XP level 6. HP: 6/56 MP: 9/9
  3472 | D:4      | Found a staircase to the Ecumenical Temple.
  3481 | Temple   | Entered the Ecumenical Temple
  3671 | Temple   | Became a worshipper of Cheibriados the Contemplative
  3697 | D:4      | Found an opulent altar of Gozag.
  4048 | D:4      | HP: 2/56 [gnoll/+0 spear (2)]
  4048 | D:4      | Slain by a gnoll

Illustrated notes

Levels and vault maps discovered:
D:1:      mainiacjoe_arrival_reflecting_pool, layout_basic, st_stairs_7,
          hex_large
D:2:      layout_basic, minmay_vboxes
D:3:      layout_loops_ring, mainiacjoe_overflow_brackets, serial_shops,
          shop_fountains, shop
D:4:      layout_basic, grunt_gozag_breadcrumbs, minmay_temple_entry_metal_lava,
          serial_shops, nicolae_shop_hallway_plus, minmay_pentangle, uniq_pargi
Temple:   nicolae_temple_bog_church

Skill      XL: |  1  2  3  4  5 |
---------------+----------------+-----
Armour         | 1 2 |  2.6
Stealth        | 1 2 |  2.4
Dodging        | 2 |  2.5
Polearms       | 3 |  3.3
Maces & Flails | 2 |  2.7
Fighting       | 3 |  3.4
Throwing       | |  0.8
Spellcasting   | |  2.0
Translocations | |  3.1

Action                     |  1- 3 |  4- 6 || total
---------------------------+-------+-------++-------
  Melee: Spear             |   166 |    33 ||   199
         Punch             |     2 |     1 ||     3
         Whip              |       |   123 ||   123
Ability: Spit Poison       |     3 |    12 ||    15
   Stab: Sleeping          |       |     3 ||     3
 Armour: Leather armour    |    35 |    49 ||    84
  Dodge: Dodged            |    65 |    58 ||   123

Table legend: (Time is in decaauts)
 A = Elapsed time spent in this place.
 B = Non-inter-level travel time spent in this place.
 C = Inter-level travel time spent in this place.
 D = Time resting spent in this place.
 E = Time spent auto-exploring this place.
 F = Levels seen in this place.
 G = Mean time per level.
                   A        B        C        D        E       F      G
               +--------+--------+--------+--------+--------+-----+--------+
         Total |   5081 |   4961 |    120 |   1052 |   2525 |   5 | 1016.2 |
       Dungeon |   4783 |   4713 |     70 |   1052 |   2300 |   4 | 1195.8 |
        Temple |    298 |    248 |     50 |      0 |    225 |   1 |  298.0 |
               +--------+--------+--------+--------+--------+-----+--------+

Top non-repeatable levels by time:
     D:1: 1679 daAuts
     D:3: 1204 daAuts
     D:2: 1181 daAuts
     D:4: 718 daAuts
  Temple: 298 daAuts
